 Dungeon Crawl Stone Soup version 0.30.0-3-ga4e48a9924 (webtiles) character file.

Game seed: 143703468203407676

135 Cheops the Ruffian (level 5, -3/45 HPs)
             Began as a Ghoul Monk on May 7, 2023.
             Slain by a gnoll bouda
             ... wielding a +0 whip
              (8 damage)
             ... on level 4 of the Dungeon.
             The game lasted 00:02:48 (1900 turns).

Cheops the Ruffian (Ghoul Monk)                     Turns: 1900, Time: 00:02:50

Health: -3/45      AC:  2    Str: 17    XL:     5   Next: 18%
Magic:  4/4        EV: 12    Int:  5    God:
Gold:   165        SH:  0    Dex: 11    Spells: 4/4 levels left

rFire   . .          .
                       - Unarmed
rCold   + . .        c - orb {light}
rNeg    + + +        a - +0 robe
rPois   ∞            (no helmet)
rElec   .            (no cloak)
rCorr   .            (no gloves)
SInv    .            (no boots)
Will    .....        (no amulet)
Stlth   +            (no ring)
HPRegen 0.00/turn    (no ring)
MPRegen 0.09/turn

%: no passive effects
@: weakened, inhibited regen, glowing
A: claws 1, cold resistance 1, negative energy resistance 3, inhibited
regeneration, torment resistance 2, devour on kill
a: no special abilities


You were on level 4 of the Dungeon.
You visited 1 branch of the dungeon, and saw 4 of its levels.

You collected 165 gold pieces.

Inventory:

Armour
 a - a +0 robe (worn)
 c - an orb of light (worn)
Wands
 j - a wand of digging (1)
 o - a wand of paralysis (10)
 u - a wand of roots (8)
Scrolls
 e - 2 scrolls of teleportation {unknown}
 f - 4 scrolls of identify {unknown}
 g - a scroll of vulnerability {unknown}
 i - a scroll of fog {unknown}
 k - a scroll of poison {unknown}
 p - a scroll of enchant armour {unknown}
 t - a scroll of butterflies {unknown}
Potions
 b - a potion of ambrosia
 d - a potion of brilliance {unknown}
 h - 2 potions of attraction {unknown}
 l - a potion of curing {unknown}
 m - a potion of might {unknown}
 n - 2 potions of lignification {unknown}
 q - a potion of flight {unknown}
 r - 2 potions of mutation {unknown}
 s - a potion of degeneration {unknown}


   Skills:
 - Level 3.2 Fighting
 - Level 2.6 Dodging
 + Level 5.6 Unarmed Combat
 - Level 2.0 Evocations


You had 4 spell levels left.
You didn't know any spells.
Your spell library contained the following spells:

 Spells                   Type           Power      Damage    Failure   Level
 Inner Flame              Hex/Fire       0%         N/A       85%         3
 Flame Wave               Conj/Fire      0%         2d4       99%         4
 Sticky Flame             Conj/Fire      0%         2d3       99%         4
 Fireball                 Conj/Fire      0%         3d3       100%        5
 Iskenderun's Battlesphe  Conj           0%         2d6       100%        5
 Conjure Ball Lightning   Conj/Air       0%         3x3d6     100%        6
 Orb of Destruction       Conj           0%         9d5       100%        7


Dungeon Overview and Level Annotations

Branches:
Dungeon (4/15)
 Temple: D:4-7

Altars:


Innate Abilities, Weirdness & Mutations

You are immune to poison.
You have sharp fingernails.
Your flesh is cold resistant. (rC+)
You are immune to negative energy. (rN+++)
You do not regenerate when monsters are visible.
You are immune to unholy pain and torment.
You thrive by killing the living.


Message History

The gnoll bouda is heavily wounded.
You barely miss the gnoll bouda.
The gnoll bouda is heavily wounded.
The gnoll bouda closely misses you.
You barely miss the gnoll bouda.
The gnoll bouda is heavily wounded.
The gnoll bouda barely misses you.
You scratch the gnoll bouda but do no damage.
The gnoll bouda is heavily wounded.
Your attacks no longer feel as feeble.
The gnoll is no longer moving quickly.
The gnoll bouda hits you with a +0 whip!
* * * LOW HITPOINT WARNING * * *
You scratch the gnoll bouda but do no damage.
The gnoll bouda is heavily wounded.
The gnoll bouda barks out a call to the hunt!
The gnoll picks up the pace!
You scratch the gnoll bouda.
The gnoll bouda is severely wounded.
The gnoll bouda gazes fiercely through you!
You feel your attacks grow feeble.
The gnoll bouda hits you with a +0 whip!
* * * LOW HITPOINT WARNING * * *
You scratch the gnoll bouda.
The gnoll bouda is almost dead.
The gnoll bouda misses you.
You scratch the gnoll bouda.
The gnoll bouda is almost dead.
The gnoll bouda mumbles some strange prayers to its god.
The gnoll bouda is healed somewhat.
You completely miss the gnoll bouda.
The gnoll bouda is severely wounded.
The gnoll bouda barks out a call to the hunt!
The gnoll picks up the pace!
Aiming: Paralyse
Press: ? - help, Shift-Dir - straight line, f/p - gnoll bouda
Aim: a gnoll bouda, wielding a +0 whip and wearing a +1 leather armour of cold resistance (severely wounded, haloed, chance to affect: 54%)
The gnoll bouda resists with significant effort.
The gnoll bouda hits you with a +0 whip!
You die...

#..............
##.......†.....#
#).............#
#............###
##..........###
#gg......####
######g#..#####
##...##g####
###.....@##
#........##
#.........#
#.........#
#.........#
#......))##
##.......†##
#.......##.###
#......###...####


You could see a gnoll bouda and 3 gnolls.

Vanquished Creatures
  2 iguanas
  4 adders
  A worm (D:2)
  A dart slug (D:1)
  7 ball pythons
  3 endoplasms
  3 giant cockroaches
  6 goblins
  3 hobgoblins
  3 jackals (D:3)
  A bat (D:3)
  2 frilled lizards
  2 kobolds (D:4)
  3 rats
41 creatures vanquished.

Notes
Turn   | Place    | Note
-------+----------+-------------------------------------------
     0 | D:1      | Cheops the Ghoul Monk began the quest for the Orb.
     0 | D:1      | Reached XP level 1. HP: 19/19 MP: 0/0
   210 | D:1      | Reached XP level 2. HP: 26/26 MP: 1/1
   393 | D:1      | Reached skill level 4 in Unarmed Combat
   472 | D:1      | Found a faded altar of an unknown god.
   644 | D:2      | Reached XP level 3. HP: 20/31 MP: 2/2
   918 | D:2      | Reached skill level 5 in Unarmed Combat
  1206 | D:3      | Reached skill level 1 in Evocations
  1206 | D:3      | Reached XP level 4. HP: 25/38 MP: 3/3
  1805 | D:4      | Reached XP level 5. HP: 31/45 MP: 4/4
  1900 | D:4      | Slain by a gnoll bouda

Illustrated notes

Levels and vault maps discovered:
D:1:      ncdulo_lavacross, layout_loops_ring, shapermc_ecumenical_altar_pompeii
D:2:      layout_rooms, chequers_serial_rivers_micro_d
D:3:      layout_rooms, amethyst_killhole
D:4:      layout_cave_pods

Skill      XL: |  1  2  3  4 |
---------------+-------------+-----
Unarmed Combat | 4 5 |  5.6
Evocations     | 1 2 |  2.0
Fighting       | |  3.2
Dodging        | |  2.6

Action                     |  1- 3 |  4- 6 || total
---------------------------+-------+-------++-------
  Melee: Unarmed           |    68 |    38 ||   106
  Evoke: Wand              |       |     1 ||     1
 Armour: Robe              |     3 |     5 ||     8
  Dodge: Dodged            |    37 |    17 ||    54
